 Dungeon Crawl Stone Soup version 0.30.1-3-gfc49f6343a (webtiles) character file.

Game seed: 13995114721111538046

352 Lremus the Grave Robber (level 6, -1/45 HPs)
             Began as a Hill Orc Necromancer on July 31, 2023.
             Slain by a phantom (5 damage)
             ... on level 4 of the Dungeon on Aug 1, 2023.
             The game lasted 00:18:06 (3938 turns).

Lremus the Grave Robber (Hill Orc Necromancer)      Turns: 3938, Time: 00:18:08

Health: -1/45      AC:  4    Str: 11    XL:     6   Next: 61%
Magic:  8/9        EV: 12    Int: 23    God:
Gold:   203        SH:  0    Dex: 11    Spells: 0/9 levels left

rFire   . . .        k - +2 dagger (venom)
rCold   . . .        (no shield)
rNeg    . . .        a - +0 robe
rPois   .            q - +0 helmet
rElec   .            (no cloak)
rCorr   .            (no gloves)
SInv    .            m - +0 pair of boots
Will    .....        s - amulet of magic regeneration
Stlth   ++           e - +6 ring of intelligence
HPRegen 0.27/turn    (no ring)
MPRegen 0.51/turn

%: no passive effects
@: no status effects
A: no striking features
a: no special abilities


You were on level 4 of the Dungeon.
You visited 1 branch of the dungeon, and saw 4 of its levels.
You also visited: Sewer.

You collected 203 gold pieces.

Inventory:

Hand Weapons
 k - a +2 dagger of venom (weapon)
 l - a +0 sling
 J - a +2 whip of freezing
Missiles
 d - 36 stones
 v - 5 atropa-tipped darts
Armour
 a - a +0 robe (worn)
 m - a +0 pair of boots (worn)
 q - a +0 helmet (worn)
Jewellery
 e - a +6 ring of intelligence (left hand)
 f - a ring of protection from fire
 s - an amulet of magic regeneration (around neck)
 x - a ring of wizardry
Wands
 t - a wand of polymorph (4)
 y - a wand of flame (7)
 A - a wand of quicksilver (10)
 B - a wand of mindburst (17)
Scrolls
 g - 2 scrolls of immolation {unknown}
 h - 3 scrolls of amnesia {unknown}
 j - 3 scrolls of teleportation {unknown}
 n - 3 scrolls of identify {unknown}
 o - a scroll of brand weapon {unknown}
 p - a scroll of enchant weapon {unknown}
 r - a scroll of torment {unknown}
 w - 2 scrolls of magic mapping {unknown}
 E - a scroll of enchant armour {unknown}
 F - a scroll of noise {unknown}
 G - a scroll of fog {unknown}
Potions
 b - a potion of magic
 c - 2 potions of heal wounds {unknown}
 i - 5 potions of flight
 u - 2 potions of resistance {unknown}
 z - 3 potions of degeneration
 C - a potion of brilliance {unknown}
 D - 2 potions of cancellation {unknown}
 H - a potion of invisibility {unknown}
 I - a potion of mutation {unknown}


   Skills:
 - Level 1.5 Dodging
 - Level 1.5 Stealth
 + Level 2.4 Spellcasting
 - Level 7.2 Necromancy


You couldn't memorise any spells.
You knew the following spells:

 Your Spells              Type           Power      Damage    Failure   Level
a - Necrotise             Necr           100%       1d9       1%          1
b - Vampiric Draining     Necr           36%        2d8       1%          3
c - Agony                 Necr           36%        N/A       17%         5

Your spell library contained the following spells:

 Spells                   Type           Power      Damage    Failure   Level
 Animate Dead             Necr           36%        N/A       6%          4
 Ensorcelled Hibernation  Hex/Ice        4%         N/A       19%         2
 Passwall                 Tmut/Erth      1%         N/A       19%         2
 Inner Flame              Hex/Fire       2%         N/A       36%         3
 Swiftness                Air            2%         N/A       36%         3
 Petrify                  Tmut/Erth      2%         N/A       77%         4
 Metabolic Englaciation   Hex/Ice        1%         N/A       98%         5
 Yara's Violent Unravell  Hex/Tmut       1%         3d3       98%         5
 Statue Form              Tmut/Erth      1%         N/A       100%        6
 Enfeeble                 Hex            1%         N/A       100%        7


Dungeon Overview and Level Annotations

Branches:
Dungeon (4/15)              Sewer (visited)
 Temple: D:4-7

Altars:
Ashenzari
Vehumet

Shops:
D:2 *


Message History

The ufetubus hits you.
The ufetubus hits you but does no damage.
You see here a +0 whip.
You closely miss the phantom.
The phantom is almost destroyed.
The ufetubus hits you. The ufetubus barely misses you. The phantom hits you.
The phantom blinks!
You blink.
You hit the phantom.
The phantom is almost destroyed.
Your gnoll skeleton closely misses the ufetubus.
The phantom hits you.
* * * LOW HITPOINT WARNING * * *
You hit the phantom but do no damage.
The phantom is almost destroyed.
The phantom hits you.
* * * LOW HITPOINT WARNING * * *
The phantom blinks!
You blink.
You closely miss the phantom.
The phantom is almost destroyed.
The phantom hits you but does no damage.
The ufetubus misses you.
The ufetubus hits you but does no damage.
You closely miss the phantom.
The phantom is almost destroyed.
The ufetubus misses you. x2
The phantom hits you but does no damage.
You closely miss the phantom.
The phantom is almost destroyed.
The ufetubus misses you. x2
Your gnoll skeleton closely misses the ufetubus.
The phantom hits you.
* * * LOW HITPOINT WARNING * * *
The phantom blinks!
You blink.
You barely miss the phantom.
The phantom is almost destroyed.
The ufetubus hits you.
* * * LOW HITPOINT WARNING * * *
The ufetubus closely misses you.
Your gnoll skeleton hits the ufetubus.
The phantom hits you.
You die...

##.........#.# #.
#............# ## #..
###............###.
#..####.......(......##$.
......##.........#.....
#....#.....#......##.. #
#...#)..†.........##..
..##.............>....#..
...)..?.@)............#..
..##....W5...............
....<..).Z...............
..........§............##
#...#..................
#....................#8
......##............
...... .....####...#
............. ...#


You could see a phantom, an ufetubus (ally target) and a friendly gnoll
skeleton.

Vanquished Creatures
  Natasha (thrice) (D:2)
  Terence (D:3)
  9 adders
  3 gnolls (D:4)
  4 river rats (Sewer)
  2 worms (Sewer)
  A dart slug (D:1)
  An orc (D:3)
  9 bats
  4 endoplasms
  9 giant cockroaches
  4 goblins
  7 hobgoblins
  6 kobolds
  10 quokkas
  6 ball pythons
  5 frilled lizards
  3 rats (D:3)
87 creatures vanquished.

Vanquished Creatures (collateral kills)
  An adder (Sewer)
  An endoplasm (D:2)
  2 giant cockroaches
  A goblin (D:1)
  A ball python (D:2)
  A bat (Sewer)
7 creatures vanquished.

Grand Total: 94 creatures vanquished

Notes
Turn   | Place    | Note
-------+----------+-------------------------------------------
     0 | D:1      | Lremus the Hill Orc Necromancer began the quest for the
                  | Orb.
     0 | D:1      | Reached XP level 1. HP: 14/14 MP: 3/3
   142 | D:1      | Reached XP level 2. HP: 20/20 MP: 2/4
   491 | D:1      | Reached XP level 3. HP: 26/26 MP: 1/5
   496 | D:1      | Reached skill level 5 in Necromancy
   549 | D:1      | Learned a level 3 spell: Vampiric Draining
  1377 | D:2      | Found Qeigieq's Assorted Antiques.
  1490 | D:2      | Reached XP level 4. HP: 33/33 MP: 3/6
  1614 | D:2      | Found a radiant altar of Vehumet.
  1770 | D:2      | Noticed Natasha
  1802 | D:2      | Killed Natasha
  1944 | D:2      | Noticed Natasha
  1950 | D:2      | Killed Natasha
  1951 | D:2      | Reached skill level 6 in Necromancy
  2187 | D:2      | Noticed Natasha
  2192 | D:2      | Killed Natasha
  2193 | D:2      | Reached XP level 5. HP: 38/38 MP: 4/7
  2255 | D:3      | Found a broken altar of Ashenzari.
  2411 | D:3      | Noticed Terence
  2419 | D:3      | Killed Terence
  2816 | D:3      | Found a glowing drain.
  2825 | Sewer    | Entered a sewer
  2839 | Sewer    | Reached skill level 7 in Necromancy
  2965 | Sewer    | Reached XP level 6. HP: 45/45 MP: 5/8
  3727 | D:3      | Learned a level 5 spell: Agony
  3938 | D:4      | Slain by a phantom

Illustrated notes

Levels and vault maps discovered:
D:1:      minmay_arrival_cross, layout_basic
D:2:      layout_basic, serial_shops, shop_statue, basic_altar, uniq_natasha
D:3:      layout_basic, mainiacjoe_overflow_concentric_impassable,
          gup_sewer_entry_pipe, uniq_terence
D:4:      layout_rooms, mainiacjoe_overflow_chevrons, jmf_multi_god_temple,
          biasface_ghost_orc_armoury, minmay_goblin_outpost

Skill      XL: |  1  2  3  4  5  6 |
---------------+-------------------+-----
Necromancy     | 5 6 7 |  7.2
Spellcasting   | 2 |  2.4
Dodging        | |  1.5
Stealth        | |  1.5

Action                     |  1- 3 |  4- 6 || total
---------------------------+-------+-------++-------
  Melee: Club              |     3 |       ||     3
         Dagger            |     3 |    21 ||    24
   Cast: Necrotise         |    48 |   116 ||   164
         Vampiric Draining |       |     4 ||     4
    Use: Potion            |       |     1 ||     1
 Armour: Robe              |     3 |    31 ||    34
  Dodge: Dodged            |    15 |    97 ||   112
